 Dungeon Crawl Stone Soup version 0.23.0-28-g6fe0f4dc8b (webtiles) character file.

Game seed: 16000152381160229064

4 HolyGrifer the Vexing (level 1, -1/12 HPs)
             Began as a Kobold Arcane Marksman on Feb 25, 2019.
             Slain by a leopard gecko (4 damage)
             ... on level 1 of the Dungeon.
             The game lasted 00:01:55 (224 turns).

HolyGrifer the Vexing (Kobold Arcane Marksman)       Turns: 224, Time: 00:01:56

Health: -1/12      AC:  2    Str:  7    XL:     1   Next: 77%
Magic:  0/2        EV: 16    Int: 14    God:
Gold:   18         SH:  0    Dex: 15    Spells: 1/2 levels left

rFire    . . .     SeeInvis .   a - +0 hand crossbow
rCold    . . .     Gourm    .   (shield restricted)
rNeg     . . .     Faith    .   e - +0 robe
rPois    .         Spirit   .   (no helmet)
rElec    .         Reflect  .   (no cloak)
rCorr    .         Harm     .   (no gloves)
MR       .....                  (no boots)
Stlth    +.........             (no amulet)
HPRegen  0.04/turn              i - +1 ring of evasion
MPRegen  0.08/turn              (no ring)

@: no status effects
A: small, carnivore
a: no special abilities


You were on level 1 of the Dungeon.
You were not hungry.

You visited 1 branch of the dungeon, and saw 1 of its levels.

You collected 18 gold pieces.

Inventory:

Hand Weapons
 a - a +0 hand crossbow (weapon)
Missiles
 d - 17 bolts (quivered)
Armour
 e - a +0 robe (worn)
Jewellery
 i - a +1 ring of evasion (left hand)
Scrolls
 b - a scroll of noise {unknown}
 c - 2 scrolls of random uselessness {unknown}
 g - a scroll of immolation {unknown}
 j - a scroll of identify {unknown}
Potions
 h - a potion of degeneration {unknown}
 k - a potion of might {unknown}
Comestibles
 f - a ration


   Skills:
 + Level 1.1 Fighting
 + Level 2.4 Crossbows
 + Level 2.6 Dodging
 + Level 1.1 Spellcasting
 + Level 3.2 Hexes


You had one spell level left.
You knew the following spells:

 Your Spells              Type           Power        Failure   Level  Hunger
a - Corona                Hex            #......      7%          1    ##.....

Your spell library contained the following spells:

 Spells                   Type           Power        Failure   Level  Hunger
 Slow                     Hex            #.......     11%         2    ###....
 Inner Flame              Hex/Fire       #.......     38%         3    ####...
 Portal Projectile        Hex/Tloc       #.....       38%         3    ####...
 Cause Fear               Hex            #.........   56%         4    #####..
 Leda's Liquefaction      Hex/Erth       #.........   80%         4    #####..


Dungeon Overview and Level Annotations

Branches:
Dungeon (1/15)

Altars:


Innate Abilities, Weirdness & Mutations

You are small and have problems with some larger weapons.
You are carnivorous and can eat meat at any time.


Message History

Firing (i - inventory)
d - 20 bolts (quivered)
Press: ? - help, Shift-Dir - straight line, f/p - leopard gecko
Aim: a leopard gecko (softly glowing, clinging)
You shoot a bolt.
The bolt closely misses the leopard gecko.
The leopard gecko bites you. x2
* * * LOW HITPOINT WARNING * * *
Firing (i - inventory)
d - 19 bolts (quivered)
Press: ? - help, Shift-Dir - straight line, f/p - leopard gecko
Aim: a leopard gecko (softly glowing, clinging)
You shoot a bolt. The bolt hits the leopard gecko.
The leopard gecko is moderately wounded.
The leopard gecko misses you. The leopard gecko closely misses you.
Firing (i - inventory)
d - 18 bolts (quivered)
Press: ? - help, Shift-Dir - straight line, f/p - leopard gecko
Aim: a leopard gecko (moderately wounded, softly glowing, clinging)
You shoot a bolt.
The bolt barely misses the leopard gecko.
The leopard gecko bites you.
You die...

......#..#.########.##
##....#..#...........#
#....#....##.......##
##...#.#..#.........#
#+..#.#............#
#..#.#..#.........#
#####.#....#..†......# ..#
#.#....#.........#######
#.###.#.#.......@l.....(....
#.#.'.#.#....#####.#########
#.#.#.#.#.#..# ...#
#...#.#.#.#.># #####
#####.#[...### # #..##...#
#+..##...# ##...##...#
#....##...#


You could see a leopard gecko.

Vanquished Creatures
  A ball python (D:1)
  A hobgoblin (D:1)
  A bat (D:1)
  2 rats (D:1)
5 creatures vanquished.

Notes
Turn   | Place    | Note
-------+----------+-------------------------------------------
     0 | D:1      | HolyGrifer the Kobold Arcane Marksman began the quest for
                  | the Orb.
     0 | D:1      | Reached XP level 1. HP: 12/12 MP: 2/2
   224 | D:1      | Slain by a leopard gecko

Action                   || total
-------------------------++-------
 Fire: Hand crossbow     ||     9
 Cast: Corona            ||     2
Armor: Robe              ||     2
Dodge: Dodged            ||     6
